 Dungeon Crawl Stone Soup version 0.15-a0-429-gf5d7e11 (webtiles) character file.

1727 4tharraofdagon the Chiller (level 8, -8/52 HPs)
             Began as a Vampire Ice Elementalist on May 6, 2014.
             Was a Priest of Sif Muna.
             Killed by divine providence
             ... invoked by an orc priest
              (12 damage)
             ... on Level 9 of the Dungeon.
             The game lasted 00:29:33 (2687 turns).

4tharraofdagon the Chiller (VpIE)                   Turns: 2687, Time: 00:29:33

HP  -8/52        AC  6     Str  7      XL: 8   Next: 59%
MP  11/19        EV 12     Int 19      God: Sif Muna [***...]
Gold 160         SH  0     Dex 14      Spells:  5 memorised,  3 levels left

rFire  . . .     SeeInvis +     q - +1,+2 flail (drain)
rCold  + + .     Clarity  .     a - +0 robe
rNeg   + + +     Conserve .     (no shield)
rPois  +         rCorr    .     n - +0 helmet
rElec  .         rRot     +     c - +0 cloak
SustAb . .       Spirit   .     C - +1 pair of gloves
rMut   .         Warding  .     (no boots)
Saprov . . .     Stasis   .     g - amulet of faith
MR     .....                    (no ring)
                                (no ring)

@: repel missiles, regenerating slowly, very slightly contaminated, not
resistant to hostile enchantments, fairly stealthy
A: bottle blood, fangs 3, see invisible, unbreathing
a: Bat Form, Bottle Blood, Channel Energy, Forget Spell, Renounce Religion


You were on level 9 of the Dungeon.
You worshipped Sif Muna.
Sif Muna was most pleased with you.
You were near bloodless.

You visited 2 branches of the dungeon, and saw 10 of its levels.

You collected 160 gold pieces.

Inventory:

Hand weapons
 m - a +0,+0 flail
 q - a +1,+2 flail of draining (weapon)
 s - a +0,+0 glaive
 w - a +0,+0 club
 z - a +0,+1 hand axe of electrocution
 B - a +3 blowgun
Armour
 a - a +0 robe (worn)
 c - a +0 cloak (worn)
 n - a +0 helmet (worn)
 C - a +1 pair of gloves (worn)
Magical devices
 p - a wand of random effects (13)
 r - a wand of paralysis (7)
Scrolls
 d - 2 scrolls of fear
 e - 2 scrolls of remove curse
 h - 2 scrolls of enchant weapon I
 l - a scroll of amnesia
 o - a scroll of random uselessness
 v - 3 scrolls of immolation
Jewellery
 g - an amulet of faith (around neck)
 y - an uncursed amulet of resist mutation {unknown}
Potions
 f - 2 potions of might
 j - 6 potions of curing {unknown}
 k - a potion of lignification
 u - a potion of invisibility
 D - a potion of brilliance {unknown}
Books
 b - a book of Frost

   Spells                             Type                      Level
   *Freeze                            Ice                          1
   *Throw Frost                       Conjuration/Ice              2
   Ozocubu's Armour                   Charms/Ice                   3
   *Throw Icicle                      Conjuration/Ice              4
   *Summon Ice Beast                  Ice/Summoning                4
   Condensation Shield                Ice                          4
 x - a book of Minor Magic

   Spells                             Type                      Level
   Magic Dart                         Conjuration                  1
   Blink                              Translocation                2
   Call Imp                           Summoning                    2
   *Repel Missiles                    Charms/Air                   2
   Slow                               Hexes                        2
   Conjure Flame                      Conjuration/Fire             3
   Mephitic Cloud                     Conjuration/Poison/Air       3
Miscellaneous
 A - a plain deck of dungeons


   Skills:
 - Level 2.1 Dodging
 - Level 3.0 Stealth
 + Level 4.7 Spellcasting
 * Level 4.0 Conjurations
 * Level 7.2 Ice Magic
 - Level 4.1 Invocations


You had 3 spell levels left.
You knew the following spells:

 Your Spells              Type           Power        Failure   Level  Hunger
a - Freeze                Ice            ####         1%          1    None
b - Throw Icicle          Conj/Ice       ####....     14%         4    ####...
c - Summon Ice Beast      Ice/Summ       ###.....     34%         4    ####...
d - Repel Missiles        Chrm/Air       #.....       21%         2    #......
e - Throw Frost           Conj/Ice       ####..       1%          2    #......


Dungeon Overview and Level Annotations

Branches:
Dungeon (9/15)             Temple (1/1) D:4
    Orc: D:9-12        Lair: D:8-11

Altars:
Ashenzari
Cheibriados
Dithmenos
Elyvilon
Kikubaaqudgha
Makhleb
Nemelex Xobeh
Sif Muna
Trog
Yredelemnul
Zin


Innate Abilities, Weirdness & Mutations

You heal slowly.
You can bottle blood from corpses.
You have razor-sharp teeth.*
You have supernaturally acute eyesight.
You can survive without breathing.*


Message History

Orders for allies: a - Attack new target. r - Retreat! s - Stop attacking. w - Wait here. f - Follow me.
Anything else - Stay silent.
Gang up on whom?
Press: ? - help, Dir - move target cursor, f - orc warrior
Aim: an orc warrior, wielding a long sword and wearing a plate armour Attack!
An orc comes into view. It is wielding a short sword.
An orc priest comes into view. It is wielding a mace.
Your ice beast hits the orc warrior but does no damage.
The orc warrior hits your ice beast with a long sword!
Something completely misses your ice beast.
Your ice beast misses the orc warrior.
The orc warrior hits your ice beast but does no damage.
Something barely misses your ice beast.
Your ice beast hits the orc warrior but does no damage. x2
The orc priest mumbles some strange prayers to Beogh against you.
Something smites you!
You die...

##################### #
#...#..#..#...#.....#..
#.............#........
#...........<...........
#............[..........
#.......................
#.....................W
#........@...?.........
#.............#.#....#K
#........#############
#........# #........#
##...YY### #....oo.
#.....o. .....?


You could see an orc warrior, an orc priest, an orc and 2 friendly ice beasts.

Vanquished Creatures
  A cyclops (D:8)
  A deep elf mage (D:8)
  A water moccasin (D:5)
  A sky beast (D:7)
  A manticore zombie (D:9)
  An ice beast (D:8)
  A black bear (D:7)
  A centaur (D:8)
  A killer bee (D:9)
  A wight (D:9)
  A goliath beetle (D:7)
  A jelly (D:5)
  A quasit (D:7)
  4 hounds
  4 orc wizards
  2 iguanas
  A worker ant (D:4)
  5 adders
  A giant eyeball (D:5)
  17 orcs
  2 ball pythons
  6 bats
  2 giant cockroaches
  A goblin (D:4)
  6 hobgoblins
  7 kobolds
  A quokka (D:3)
  2 giant newts
  A hobgoblin skeleton (D:4)
  10 rats
85 creatures vanquished.

Vanquished Creatures (collateral kills)
  A wyvern (D:8)
  A centaur zombie (D:8)
  A worker ant (D:9)
  A shadow imp (D:9)
  A giant gecko (D:8)
  An orc (D:8)
6 creatures vanquished.

Vanquished Creatures (others)
  8 ice beasts
8 creatures vanquished.

Grand Total: 99 creatures vanquished

Notes
Turn   | Place    | Note
--------------------------------------------------------------
     0 | D:1      | 4tharraofdagon, the Vampire Ice Elementalist, began the quest for the Orb.
     0 | D:1      | Reached XP level 1. HP: 13/13 MP: 3/3
   224 | D:1      | Reached XP level 2. HP: 19/19 MP: 1/4
   508 | D:3      | Reached skill level 4 in Ice Magic
   508 | D:3      | Reached XP level 3. HP: 18/24 MP: 0/6
   930 | D:4      | Found a staircase to the Ecumenical Temple.
   943 | Temple   | Entered the Ecumenical Temple
   955 | Temple   | Became a worshipper of Sif Muna the Loreminder
  1002 | D:4      | Reached XP level 4. HP: 25/30 MP: 2/8
  1011 | D:4      | Learned a level 4 spell: Throw Icicle
  1073 | D:4      | Reached skill level 1 in Invocations
  1118 | D:5      | Entered Level 5 of the Dungeon
  1124 | D:5      | Noticed a water moccasin
  1152 | D:5      | Killed a water moccasin
  1152 | D:5      | Reached skill level 1 in Conjurations
  1152 | D:5      | Reached skill level 5 in Ice Magic
  1152 | D:5      | Reached XP level 5. HP: 19/35 MP: 1/10
  1206 | D:5      | Paralysed by a giant eyeball for 2 turns
  1320 | D:5      | Reached XP level 6. HP: 28/41 MP: 6/12
  1349 | D:5      | Learned a level 4 spell: Summon Ice Beast
  1557 | D:7      | Found a basalt altar of Yredelemnul.
  1582 | D:7      | Acquired Sif Muna's first power
  1720 | D:7      | Learned a level 2 spell: Repel Missiles
  1751 | D:7      | Reached XP level 7. HP: 46/46 MP: 9/15
  1810 | D:8      | Noticed a red ugly thing
  1813 | D:8      | Noticed a red ugly thing
  1837 | D:7      | Learned a level 2 spell: Throw Frost
  1922 | D:8      | Noticed a red ugly thing
  1922 | D:8      | Noticed a red ugly thing
  2076 | D:8      | Noticed a slime creature
  2076 | D:8      | Noticed a cyclops
  2122 | D:8      | Killed a cyclops
  2122 | D:8      | Reached skill level 6 in Ice Magic
  2182 | D:8      | Acquired Sif Muna's second power
  2182 | D:8      | Reached XP level 8. HP: 13/52 MP: 2/18
  2230 | D:8      | Noticed a deep elf mage
  2232 | D:8      | Killed a deep elf mage
  2348 | D:8      | Noticed a wyvern
  2371 | D:8      | Found a white marble altar of Elyvilon.
  2371 | D:8      | Found a snail-covered altar of Cheibriados.
  2405 | D:8      | Killed a wyvern
  2565 | D:9      | Reached skill level 7 in Ice Magic
  2687 | D:9      | Killed from afar by an orc priest

Action                   |  1- 3 |  4- 6 |  7- 9 || total
-------------------------+-------+-------+-------++-------
Melee: Unarmed           |    39 |       |       ||    39
       Flail             |    10 |    36 |     7 ||    53
 Cast: Freeze            |    44 |    53 |    42 ||   139
       Repel Missiles    |       |     1 |       ||     1
       Throw Frost       |       |       |    19 ||    19
       Summon Ice Beast  |       |       |    20 ||    20
       Throw Icicle      |       |       |    16 ||    16
Invok: Channel Energy    |       |       |   108 ||   108
Evoke: Wand              |       |     2 |     2 ||     4
  Use: Potion            |     1 |       |     2 ||     3
       Scroll            |       |     6 |     9 ||    15
 Stab: Sleeping          |     1 |     1 |       ||     2

Vault maps used:
D:1:      elethiomel_arrival_infinity_welcomes_careful_drivers
D:2:      serial_glass, glass_columns_a, glass_columns_a,
          kennysheep_generic_room_7
D:3:      first_bread, portal_sewer_entry_c
D:4:      minmay_temple_entry_glassed_door, uniq_eustachio
D:6:      baited_tele_trap
D:7:      lemuel_doored_altar, grunt_rat_hole
D:8:      gammafunk_temple_overflow_wave, xom_shifter_show,
          minmay_hollow_rounded_squares
D:9:      nicolae_overflow_hidden_temple, tso_altar
Temple:   triangle_lava_temple_11
